Map: [ESL] Inside and Out

Players

ForJumy - Winner!

  • Race: Protoss Protoss
  • Spawn Location: 7:00

KingCobra

  • Race: Protoss Protoss
  • Spawn Location: 1:00

Event: DreamHack SC2 Masters 2022 Atlanta (Online)

VOD

Have the link to the VOD?

Description

Time

  • Played on: Oct. 6, 2022, 1:39 p.m.
  • Length: 9:20

All games in this series

Show
View Real Time Build Order
Export as new Build Order

ForJumy Protoss - Winner!

Build Orders: Phoenix Opening, Mass Phoenix 

Get SALT Encoding   

  12  0:00  Probe  
  13  0:12  Probe  
  14  0:17  Pylon  
  14  0:24  Probe  
  15  0:36  Gateway, Probe (Chrono Boost)  
  16  0:46  Probe (Chrono Boost)  
  16  0:47  Assimilator  
  17  0:51  Probe (Chrono Boost)  
  18  1:02  Assimilator  
  18  1:03  Probe (Chrono Boost)  
  19  1:14  Probe (Chrono Boost), Pylon  
  20  1:19  Probe (Chrono Boost)  
  20  1:24  Cybernetics Core  
  21  1:30  Zealot  
  23  1:35  Probe  
  24  1:47  Probe  
  25  1:59  Probe  
  25  2:00  Adept  
  28  2:05  Warp Gate  
  28  2:10  Pylon  
  28  2:11  Probe  
  29  2:20  Pylon  
  29  2:23  Probe  
  30  2:33  Stalker  
  30  2:35  Stargate  
  32  2:43  Probe  
  33  2:55  Probe  
  33  2:57  Pylon  
  34  3:05  Stalker  
  36  3:24  Phoenix (Chrono Boost)  
  38  3:27  Nexus  
  38  3:33  Shield Battery  
  38  3:34  Probe  
  39  3:46  Phoenix (Chrono Boost), Probe  
  42  3:56  Stalker  
  42  3:58  Probe  
  45  4:10  Probe  
  45  4:15  Pylon  
  46  4:23  Probe  
  47  4:28  Phoenix  
  47  4:35  Stargate  
  47  4:37  Assimilator  
  47  4:38  Probe (Chrono Boost)  
  50  4:40  Probe (Chrono Boost), Assimilator  
  49  4:48  Phoenix  
  49  4:51  Probe x2 (Chrono Boost)  
  51  4:59  Probe x2  
  55  5:09  Stalker  
  55  5:11  Probe  
  55  5:12  Probe  
  61  5:20  Phoenix (Chrono Boost), Pylon  
  61  5:21  Phoenix (Chrono Boost)  
  61  5:26  Probe  
  61  5:27  Probe  
  65  5:34  Stalker  
  67  5:38  Probe  
  67  5:39  Probe  
  67  5:42  Phoenix  
  71  5:48  Phoenix  
  73  5:50  Probe  
  73  5:51  Probe  
  75  6:04  Nexus  
  75  6:08  Pylon  
  75  6:12  Phoenix (Chrono Boost)  
  77  6:26  Phoenix (Chrono Boost)  
  77  6:27  Fleet Beacon  
  79  6:33  Probe  
  79  6:34  Phoenix (Chrono Boost)  
  79  6:36  Pylon  
  79  6:39  Probe  
  83  6:44  Assimilator  
  83  6:45  Phoenix  
  83  6:46  Probe  
  86  6:55  Phoenix  
  86  6:57  Assimilator  
  86  6:59  Pylon  
  88  7:07  Probe  
  89  7:10  Phoenix (Chrono Boost)  
  89  7:11  Anion Pulse-Crystals (Chrono Boost)  
  89  7:21  Stalker  
  83  7:25  Phoenix (Chrono Boost)  
  81  7:31  Probe x2  
  81  7:33  Phoenix (Chrono Boost), Probe  
  86  7:39  Stargate  
  86  7:43  Probe x2  
  88  7:45  Phoenix (Chrono Boost), Probe  
  91  7:51  Pylon  
  93  7:59  Stalker  
  93  8:01  Probe  
  93  8:02  Phoenix (Chrono Boost)  
  93  8:05  Phoenix (Chrono Boost)  
  96  8:09  Pylon  
  98  8:20  Phoenix (Chrono Boost)  
  98  8:22  Phoenix (Chrono Boost)  
  102  8:31  Probe  
  102  8:33  Phoenix (Chrono Boost)  
  102  8:34  Stargate  
  103  8:42  Phoenix (Chrono Boost)  
  103  8:44  Zealot  
  103  8:46  Oracle (Chrono Boost)  
  108  8:59  Phoenix (Chrono Boost)  
  102  9:05  Stalker  
Show
View Real Time Build Order
Export as new Build Order

KingCobra Protoss 

Build Orders: Phoenix Opening 

Get SALT Encoding   

  12  0:00  Probe  
  13  0:12  Probe  
  14  0:18  Pylon  
  14  0:24  Probe  
  15  0:36  Gateway  
  15  0:37  Probe (Chrono Boost)  
  16  0:47  Probe (Chrono Boost), Assimilator  
  17  0:52  Probe (Chrono Boost)  
  18  1:00  Pylon  
  19  1:04  Probe (Chrono Boost)  
  19  1:07  Assimilator  
  19  1:15  Probe (Chrono Boost)  
  19  1:16  Pylon  
  20  1:20  Probe (Chrono Boost)  
  21  1:27  Cybernetics Core  
  21  1:30  Probe  
  22  1:36  Zealot  
  24  1:42  Probe  
  25  1:57  Probe  
  26  2:02  Cybernetics Core  
  26  2:07  Stargate  
  26  2:10  Stalker  
  28  2:21  Probe  
  29  2:29  Pylon  
  29  2:45  Nexus  
  29  2:57  Shield Battery  
  29  3:03  Phoenix  
  30  3:12  Probe  
  31  3:14  Stalker  
  33  3:25  Probe  
  34  3:28  Phoenix  
  34  3:33  Shield Battery x2  
  36  3:41  Shield Battery  
  36  3:43  Probe  
  37  3:55  Probe (Chrono Boost)  
  38  4:01  Probe (Chrono Boost)  
  39  4:05  Stalker (Chrono Boost)  
  39  4:06  Phoenix  
  39  4:07  Probe (Chrono Boost)  
  43  4:10  Probe (Chrono Boost)  
  43  4:15  Shield Battery  
  41  4:20  Shield Battery  
  41  4:31  Phoenix (Chrono Boost), Stalker  
  44  4:41  Probe x2  
  46  4:53  Probe x2  
  46  4:54  Phoenix (Chrono Boost)  
  46  4:56  Pylon  
  46  4:59  Assimilator  
  50  5:01  Sentry  
  50  5:05  Probe (Chrono Boost)  
  54  5:07  Probe (Chrono Boost)  
  54  5:10  Robotics Facility  
  54  5:17  Phoenix, Probe (Chrono Boost)  
  58  5:23  Probe (Chrono Boost)  
  58  5:24  Probe (Chrono Boost)  
  58  5:27  Stalker  
  61  5:29  Probe  
  62  5:35  Shield Battery  
  62  5:42  Pylon  
  62  5:45  Forge  
  62  5:54  Assimilator  
  62  5:57  Immortal (Chrono Boost)  
  62  6:00  Phoenix, Probe x2  
  70  6:14  Pylon  
  70  6:19  Photon Cannon  
  70  6:22  Fleet Beacon  
  70  6:23  Photon Cannon  
  70  6:27  Pylon  
  70  6:32  Phoenix, Probe  
  73  6:39  Photon Cannon  
  73  6:41  Photon Cannon  
  73  6:48  Probe x2  
  73  6:49  Mothership (Chrono Boost)  
  83  7:09  Cybernetics Core  
  83  7:14  Probe (Chrono Boost)  
  79  7:23  Probe (Chrono Boost)  
  75  7:33  Stargate  
  76  7:38  Probe (Chrono Boost)  
  76  7:45  Probe  
  76  7:48  Carrier (Chrono Boost)  
  76  7:49  Photon Cannon  
  76  7:50  Photon Cannon  
  83  7:58  Shield Battery, Photon Cannon  
  84  8:07  Probe (Chrono Boost)  
  84  8:19  Pylon  
  85  8:21  Pylon  
  85  8:22  Probe (Chrono Boost)  
  85  8:23  Probe (Chrono Boost)  
  85  8:36  Probe  
  85  8:37  Probe  
  93  8:49  Pylon  
Tags
 
Add a new tag
Caveats
  • Supply blocks, unpowered buildings, or Contaminate may cause inaccurate times.
  • Supply counts are checked every 10 seconds.